 Dungeon Crawl Stone Soup version 0.30-a0-223-gcb0039aa0c (webtiles) character file.

Game seed: 8150621672681030999

126 qw the Chopper (level 5, -3/32 HPs)
             Began as a Gargoyle Fighter on Oct 9, 2022.
             Slain by a gnoll
             ... wielding a +0 spear
              (5 damage)
             ... on level 4 of the Dungeon.
             The game lasted 00:01:00 (2169 turns).

qw the Chopper (Gargoyle Fighter)                   Turns: 2169, Time: 00:01:00

Health: -3/32      AC: 14    Str: 22    XL:     5   Next: 10%
Magic:  5/5        EV:  9    Int:  8    God:
Gold:   231        SH:  4    Dex:  9    Spells: 4/4 levels left

rFire   . . .      SeeInvis .    Y - +0 war axe
rCold   . . .      Faith    .    c - +0 buckler
rNeg    + . .      Spirit   .    b - +0 scale mail
rPois   inf        Reflect  .    (no helmet)
rElec   +          Harm     .    k - +2 cloak
rCorr   .          Rampage  .    (no gloves)
Will    .....                    (no boots)
Stlth   ..........               (no amulet)
HPRegen 0.25/turn                (no ring)
MPRegen 0.09/turn                (no ring)

@: no status effects
A: sickness immunity, AC +4, negative energy resistance 1, electricity
resistance, torment resistance 1, petrification resistance
a: no special abilities


You were on level 4 of the Dungeon.
You visited 1 branch of the dungeon, and saw 4 of its levels.

You collected 231 gold pieces.


Innate Abilities, Weirdness & Mutations

You are immune to sickness and miasma.
Your stone body is resilient. (AC +4)
You are immune to poison.
You resist negative energy. (rN+)
You are resistant to electric shocks. (rElec)
You are resistant to unholy torment.
You are immune to petrification.


   Skills:
 - Level 3.2 Fighting
 + Level 4.6 Axes
 - Level 3.2 Armour
 - Level 3.2 Shields


You had 4 spell levels left.
You didn't know any spells.
Your spell library was empty.

Inventory:

Hand Weapons
 h - a +0 mace
 Y - a +0 war axe (weapon)
Armour
 b - a +0 scale mail (worn)
 c - a +0 buckler (worn)
 k - a +2 cloak (worn)
Scrolls
 l - a scroll of identify
Potions
 a - a potion of degeneration {unknown}
 d - 2 potions of might
 e - a potion of curing {unknown}
 f - a potion of attraction {unknown}
 g - a potion of berserk rage {unknown}
 j - a potion of lignification {unknown}

Dungeon Overview and Level Annotations

Branches:
Dungeon (4/15)
 Temple: D:4-7

Altars:
Cheibriados


Message History

You block the jackal's attack.
The jackal bites you but does no damage.
You hit the jackal but do no damage.
The jackal bites you but does no damage. x2
You hit the jackal.
The jackal is heavily wounded.
You barely miss the jackal.
The jackal bites you but does no damage.
You block the jackal's attack.
You slash the jackal!
You kill the jackal!
You slash the jackal!
You kill the jackal!
You have reached level 5!
A gnoll comes into view. It is wielding a +0 flail.
The gnoll shouts!
The gnoll barely misses you.
A gnoll is nearby!
The gnoll shouts!
You slash the gnoll!
The gnoll is almost dead.
The gnoll hits you from afar with a +0 halberd.
The gnoll hits you but does no damage.
The gnoll hits you from afar with a +0 halberd!
You closely miss the gnoll.
The gnoll is almost dead.
The gnoll hits you but does no damage.
The gnoll hits you from afar with a +0 halberd!
You barely miss the gnoll.
The gnoll is almost dead.
The gnoll closely misses you.
The gnoll hits you from afar with a +0 halberd.
You slash the gnoll!
You kill the gnoll!
The gnoll hits you from afar with a +0 halberd!
A gnoll comes into view. It is wielding a +0 club.
The gnoll closely misses you.
The gnoll moves out of view.
The gnoll shouts!
The gnoll hits you with a +0 spear.
You die...

............#
#.......<).#
.........%.#
##.........#
..........##
#.........#
..........#
#........)#
..........#
##........#
..........#
#........#
~.~~~~~...#
##.....###
.~~~~~)..#
###...#
.~~~~~.@.#
.~~~~~gg##
........#
..~~~~..#
~.~~~~...
~.~~~~...
~.~~~~...
~.~~~~..g.


You could see 3 gnolls.

Vanquished Creatures
  A gnoll (D:4)
  5 adders
  3 worms
  A dart slug (D:2)
  2 orcs (D:3)
  4 endoplasms
  2 giant cockroaches
  3 goblins (D:1)
  7 hobgoblins
  2 jackals (D:4)
  A quokka (D:2)
  6 ball pythons
  8 bats
  2 frilled lizards
  8 kobolds
  7 rats
62 creatures vanquished.

Notes
Turn   | Place    | Note
-------+----------+-------------------------------------------
     0 | D:1      | qw the Gargoyle Fighter began the quest for the Orb.
     0 | D:1      | Reached XP level 1. HP: 14/14 MP: 1/1
     0 | D:1      | 0 ||| qw: Version: 0.2-a-17-g06abaee
     0 | D:1      | 0 ||| qw: Game counter: 2065
     0 | D:1      | 0 ||| qw: Always use a shield: true
     0 | D:1      | 0 ||| qw: God list: Okawaru
     0 | D:1      | 0 ||| qw: Allow faded altars: false
     0 | D:1      | 0 ||| qw: Do Orc after D:15 true
     0 | D:1      | 0 ||| qw: Do second Lair branch before Depths: true
     0 | D:1      | 0 ||| qw: Lair rune preference: random
     0 | D:1      | 0 ||| qw: Plans: Normal, Zot:1-4, God:TSO, Crypt, Tomb,
                  | Pan, Slime:5, Hells, Abyss, Orb
     0 | D:1      | 0 ||| PLANNING D:1-11
    56 | D:1      | Reached skill level 2 in Axes
   169 | D:1      | 169 ||| DROPPING +0 club.
   173 | D:1      | Reached XP level 2. HP: 19/19 MP: 2/2
   682 | D:1      | Found a faded altar of an unknown god.
   791 | D:1      | 791 ||| READING scroll labelled GAULIENOMUERI.
   792 | D:1      | 792 ||| READING scroll labelled BUCHER JOSUTESM.
   842 | D:2      | Found a snail-covered altar of Cheibriados.
   988 | D:2      | Reached skill level 3 in Axes
   999 | D:2      | Reached XP level 3. HP: 22/23 MP: 3/3
  1114 | D:2      | 1114 ||| Stepping ~*~*~tactically~*~*~ (hiding).
  1173 | D:2      | Reached XP level 4. HP: 28/28 MP: 4/4
  1475 | D:2      | 1475 ||| READING scroll labelled HOAZAZO RECS.
  1476 | D:2      | 1476 ||| READING scroll labelled JYDORU UTEMUO.
  1489 | D:3      | 1489 ||| STAIRDANCE
  1494 | D:3      | Reached skill level 4 in Axes
  2049 | D:3      | 2049 ||| UPGRADING to +2 cloak.
  2054 | D:3      | 2054 ||| READING scroll labelled SUASIS XEUSS.
  2055 | D:3      | 2055 ||| READING scroll labelled LAMIEP TYATIPP.
  2056 | D:3      | 2056 ||| DRINKING 2 smoky brown potions.
  2057 | D:3      | 2057 ||| DROPPING potion of brilliance.
  2158 | D:4      | Reached XP level 5. HP: 32/32 MP: 5/5
  2168 | D:4      | HP: 2/32 [gnoll/+0 halberd (7)]
  2169 | D:4      | Slain by a gnoll

Levels and vault maps discovered:
D:1:      ncdulo_halloftheorcs, layout_basic,
          dreamdust_ecumenical_altar_hidden_monk_grotto
D:2:      layout_basic, basic_altar
D:3:      layout_basic
D:4:      layout_cave_pods, minivault_14

Skill      XL: |  1  2  3  4 |
---------------+-------------+-----
Axes           | 2 3 4 |  4.6
Fighting       | |  3.2
Armour         | |  3.2
Shields        | |  3.2

Action                   |  1- 3 |  4- 6 || total
-------------------------+-------+-------++-------
Melee: War axe           |    98 |    84 ||   182
  Use: Scroll            |     2 |     4 ||     6
       Potion            |       |     1 ||     1
Armor: Scale mail        |    53 |    36 ||    89
Dodge: Dodged            |    54 |    27 ||    81
Block: Buckler           |    17 |    11 ||    28

Table legend:
 A = Non-vault XP
 B = Vault XP
 C = Vault XP percentage of total XP
 D = Non-vault monster count
 E = Vault monster count
 F = Vault count percentage of total count
                 A         B        C        D         E       F
            +---------+---------+-------+---------+---------+-------
      Total |     181 |       0 |   0.0 |      62 |       0 |   0.0
            +---------+---------+-------+---------+---------+-------
        D:1 |      18 |       0 |   0.0 |      12 |       0 |   0.0
        D:2 |      79 |       0 |   0.0 |      30 |       0 |   0.0
        D:3 |      52 |       0 |   0.0 |      15 |       0 |   0.0
        D:4 |      32 |       0 |   0.0 |       5 |       0 |   0.0
            +---------+---------+-------+---------+---------+-------
